Cogmind - Beta 14 @@@ ROGUE MODE // 2025.01.13 @ 20:30:50 Player: Doobadoop Result: Self-destructed Performance ------------- Evolutions (1) 500 Regions Visited (2) 400 Robots Destroyed (9) 45 Value Destroyed (237) 237 Prototype IDs (0) 0 Alien Tech Used (0) 0 Bonus (0) 0 TOTAL SCORE: 1182 Bonus ------- None Cogmind --------- Core Integrity 262/400 Matter 300/300 Energy 100/100 System Corruption 0% Temperature Cool (0) Movement Walking (120) Location -9/Materials Parts ------- > --- POWER (1) -------- (None) > --- PROPULSION (3) --- Aluminum Leg > --- UTILITY (3) ------ (None) > --- WEAPON (2) ------- Light Assault Rifle > --- INVENTORY (5) ---- Ion Engine Light Nuclear Core Small Storage Unit Assault Rifle Peak State ------------ > --- POWER ------------ Ion Engine > --- PROPULSION ------- Compact Wheel Compact Wheel > --- UTILITY ---------- Small Storage Unit > --- WEAPON ----------- Assault Rifle Light Assault Rifle > --- INVENTORY -------- Ion Engine [Rating: 6] Favorites ----------- Power Ion Engine Engine Ion Engine Propulsion Compact Wheel Leg Aluminum Leg Wheel Compact Wheel Flight Unit Flight Unit Utility Small Storage Unit Storage Small Storage Unit Weapon Light Assault Rifle Ballistic Gun Light Assault Rifle Build | -11 -10 -9 ------- Run | Yrd Mat Mat Slots Evolved 2 | . . 2 Power . | . . . Propulsion 1 | . . 1 Utility 1 | . . 1 Weapon . | . . . Parts Attached 13 | 7 2 4 Power 2 | 1 . 1 Engine 2 | 1 . 1 Core . | . . . Reactor . | . . . Propulsion 7 | 2 2 3 Treads . | . . . Leg 2 | . . 2 Wheel 2 | 2 . . Hover . | . . . Flight 3 | . 2 1 Utility 1 | 1 . . Device . | . . . Storage 1 | 1 . . Processor . | . . . Hackware . | . . . Protection . | . . . Artifact . | . . . Weapon 3 | 3 . . Energy Gun . | . . . Energy Cannon . | . . . Ballistic Gun 3 | 3 . . Ballistic Cannon . | . . . Launcher . | . . . Special Weapon . | . . . Impact Weapon . | . . . Slashing Weapon . | . . . Piercing Weapon . | . . . Special Melee Weapon . | . . . Unidentified Prototypes . | . . . Parts Lost 4 | . . 4 Power 1 | . . 1 Propulsion 2 | . . 2 Utility . | . . . Weapon 1 | . . 1 Highest Loss Streak 3 | . . 3 To Critical Strikes . | . . . Average Slot Usage (%) 63 | . 80 53 Engine 11 | . 14 9 Leg 5 | . . 9 Wheel 6 | . 18 . Flight 12 | . 9 13 Storage 3 | . 9 . Ballistic Gun 23 | . 28 21 Peak Build Rating 6 | 6 6 6 Average Rating 5 | 5 5 4 On Entrance 3 | . 6 5 Naked Turns . | . . . Heaviest Build 13 | 13 12 7 Greatest Support 32 | 32 32 20 Greatest Overweight (x) . | . . . Average Overweight (x) . | . . . Largest Inventory Capacity 8 | 8 8 5 Average Capacity 6 | 7 7 5 Most Carried 8 | 5 8 5 Average Carried 3 | 2 5 4 Final Capacity 8 | 8 5 5 Final Carried 5 | 5 5 4 Class Distribution -------------------- 100% | Mutant Dominant Class ---------------- Mutant | -10/Materials Mutant | -9/Materials Resources | -11 -10 -9 ----------- Run | Yrd Mat Mat Matter Collected 392 | 261 56 75 Remotely . | . . . Salvage Created 292 | 13 123 156 Parts 23 | 3 10 10 Haulers Intercepted . | . . . Recyclers Shooed . | . . . Parts Field Recycled . | . . . Retrieved Matter . | . . . Parts Self-Destructed . | . . . Prevented . | . . . Kills | -11 -10 -9 ------- Run | Yrd Mat Mat Combat Hostiles Destroyed 7 | . 4 3 Guns 7 | . 4 3 Classes Destroyed 5 | 1 3 1 Tunneler 1 | 1 . . Operator 1 | . 1 . Swarmer 2 | . 2 . Grunt 4 | . 2 2 Sentry 1 | . . 1 Best Kill Streak 2 | 1 2 2 Combat Bots Only 2 | . 2 2 Max Kills in Single Turn 1 | 1 1 1 Gunslinging . | . . . Exploded . | . . . Melee . | . . . Uniques/NPCs Destroyed . | . . . Combat | -11 -10 -9 -------- Run | Yrd Mat Mat Hostile Shots Fired 116 | . 23 93 Missed 48 | . 6 42 Damage Taken 642 | 9 157 476 Core 191 | . 53 138 Absorbed by Shields . | . . . Core Remaining (%) 89 | 100 78 . Volleys Fired 41 | . 18 23 Largest 2 | . 2 2 Hottest 40 | . 40 40 Shots Fired 83 | 1 36 46 Gun 83 | 1 36 46 Cannon . | . . . Launcher . | . . . Special . | . . . Kinetic 83 | 1 36 46 Thermal . | . . . Explosive . | . . . Electromagnetic . | . . . Robot Hit Streak 8 | 1 6 8 Robot Miss Streak 5 | . 5 1 Penetration Max . | . . . Secondary Targets 1 | . 1 . Max Gunslinging Chain 1 | . 1 . Shots Hit Robots 51 | 1 18 32 Core Hits 20 | 1 8 11 Critical Kills . | . . . Critical Parts Destroyed . | . . . Critical Strikes . | . . . Melee Attacks . | . . . Impact . | . . . Slashing . | . . . Piercing . | . . . Sneak Attacks . | . . . Combat Hostiles . | . . . Follow-up Attacks . | . . . Damage Inflicted 435 | 31 157 247 Guns 413 | 10 157 246 Cannons . | . . . Explosions . | . . . Melee . | . . . Ramming 22 | 21 . 1 Kinetic 413 | 10 157 246 Thermal . | . . . Explosive . | . . . Electromagnetic . | . . . Impact . | . . . Slashing . | . . . Piercing . | . . . Highest Corruption 1 | 1 1 . Average Corruption 1 | 1 1 . Corruption Purged . | . . . Corruption Blocked . | . . . Effects 3 | 1 2 . Message Errors 1 | . 1 . Energy Discharges 1 | . 1 . Misfires 1 | 1 . . Overload Shots . | . . . Overflow Damage . | . . . Projectiles . | . . . Explosions . | . . . Melee . | . . . Knockbacks . | . . . Impact . | . . . Kinetic . | . . . Secondary . | . . . Self-Inflicted Damage 9 | 9 . . Shots . | . . . Rammed 5 | 5 . . Targets Rammed 6 | 5 . 1 Kicked 1 | . . 1 Crushed . | . . . Highest Temperature 33 | . 18 33 Average Temperature 10 | . 7 15 Received Heat Transfer 138 | . 48 90 Siege Activations . | . . . Robots Corrupted . | . . . Combat Hostiles . | . . . Parts Fried . | . . . Impact Corruptions . | . . . Robots Melted . | . . . Combat Hostiles . | . . . Parts Melted . | . . . Heat Transferred . | . . . Parts Sabotaged . | . . . Parts Stolen . | . . . Parts Stripped . | . . . Power Chain Reactions . | . . . Alert | -11 -10 -9 ------- Run | Yrd Mat Mat Peak Influence 248 | 5 123 248 Initial 51 | . 3 51 Average 92 | 2 71 168 Maximum Alert Level 1 | . . 1 Low Security (%) 77 | 100 100 48 Level 1 22 | . . 51 Level 2 . | . . . Level 3 . | . . . Level 4 . | . . . Level 5 . | . . . High Security . | . . . Max Security . | . . . Squads Dispatched 2 | . 1 1 Investigation 1 | . . 1 Extermination . | . . . Reinforcement 1 | . 1 . Assault . | . . . Garrison . | . . . Intercept . | . . . Searches Triggered . | . . . Construction Impeded . | . . . Haulers Reinforced . | . . . Active Scanning Responses . | . . . Cargo Convoy Interrupts . | . . . Stealth | -11 -10 -9 --------- Run | Yrd Mat Mat Distress Signals . | . . . Communications Jammed . | . . . Distress Signals . | . . . Times Spotted 19 | . 9 10 Peak Tracking Total 4 | . 3 4 Tactical Retreats 1 | . . 1 Traps | -11 -10 -9 ------- Run | Yrd Mat Mat Traps Triggered . | . . . Indirectly . | . . . Trap Hack Attempts . | . . . Triggered . | . . . Disarmed . | . . . Reprogrammed . | . . . Reused . | . . . Traps Extracted . | . . . Installed . | . . . Triggered . | . . . Machines | -11 -10 -9 ---------- Run | Yrd Mat Mat Machines Disabled . | . . . Max in Single Turn . | . . . Machines Repaired . | . . . Machines Dismantled . | . . . Machines Sabotaged . | . . . Overloaded Fab Kills . | . . . Hacking | -11 -10 -9 --------- Run | Yrd Mat Mat Machines Accessed 1 | . . 1 Terminals 1 | . . 1 Fabricators . | . . . Repair Stations . | . . . Recycling Units . | . . . Scanalyzers . | . . . Garrison Access . | . . . Total Hacks 3 | . . 3 Successful 3 | . . 3 Failed . | . . . Catastrophic . | . . . Database Lockouts . | . . . Manual . | . . . Terminals 3 | . . 3 Fabricators . | . . . Repair Stations . | . . . Recycling Units . | . . . Scanalyzers . | . . . Garrison Access . | . . . Terminal Hacks 3 | . . 3 Record 3 | . . 3 Fabricator Hacks . | . . . Repair Station Hacks . | . . . Recycling Unit Hacks . | . . . Scanalyzer . | . . . Garrison Access Hacks . | . . . Unauthorized Hacks . | . . . Terminals . | . . . Fabricators . | . . . Repair Stations . | . . . Recycling Units . | . . . Scanalyzers . | . . . Garrison Access . | . . . Data Cores Recovered . | . . . Used . | . . . Hacking Detections 1 | . . 1 Full Trace Events 1 | . . 1 Feedback Events . | . . . Feedback Blocked . | . . . Robot Schematics Acquired . | . . . Robots Built . | . . . Authchips . | . . . Time . | . . . Total Robot Build Rating . | . . . Part Schematics Acquired . | . . . Parts Built . | . . . Authchips . | . . . Time . | . . . Total Part Build Rating . | . . . Parts Repaired . | . . . Time . | . . . Parts Recycled . | . . . Recycled Matter . | . . . Retrieved Matter . | . . . Retrieved Components . | . . . Parts Scanalyzed . | . . . Part Schematics Acquired . | . . . Parts Damaged . | . . . Bothacking | -11 -10 -9 ------------ Run | Yrd Mat Mat Used RIF Installer . | . . . Robots Hacked . | . . . Non-combat . | . . . Combat . | . . . Robot Hacks Applied . | . . . Relay Couplers Released . | . . . Fabnet Peak Effective % . | . . . Robots Rewired . | . . . Allies Hacked . | . . . Hacks Repelled . | . . . Allies | -11 -10 -9 -------- Run | Yrd Mat Mat Total Allies . | . . . Largest Group . | . . . Highest-Rated Group . | . . . Highest-Rated Ally . | . . . Total Orders . | . . . Ally Attacks . | . . . Total Damage . | . . . Kills . | . . . Allies Corrupted . | . . . Allies Melted . | . . . Intel | -11 -10 -9 ------- Run | Yrd Mat Mat Robot Analysis Total . | . . . Derelict Logs Recovered . | . . . Drone Launches . | . . . Drone Recoveries . | . . . Exploration | -11 -10 -9 ------------- Run | Yrd Mat Mat Turns Passed 632 | 193 163 276 Spaces Moved 625 | 174 173 278 Core 2 | 2 . . Treads . | . . . Legs 80 | . . 80 Wheels 239 | 172 67 . Hover . | . . . Flight 304 | . 106 198 Fastest Speed 37 | 50 37 37 Average Speed 71 | 99 61 60 Slowest Speed 120 | 100 100 120 Overloaded Moves . | . . . Propulsion Burnouts . | . . . Robots Hopped 1 | . . 1 Cave-ins Triggered . | . . . Exploration Rate (%) 21 | 6 33 24 Regions Visited 2 Branch Regions . Pre-discovered Areas . | . . . Known Exits Taken . | . . . Unknown Exits Taken 2 | 1 1 . Scrap Searched . | . . . Spaces Dug . | . . . Terrain Destroyed . | . . . Melee . | . . . Projectile . | . . . AOE . | . . . Terrain Rammed . | . . . Walls Destroyed . | . . . Machines Disabled . | . . . Actions | -11 -10 -9 --------- Run | Yrd Mat Mat Total 738 | 190 202 346 Wait 36 | . . 36 Move 621 | 173 172 276 Hop 1 | . . 1 Pick Up 11 | 5 4 2 Fast Attach 7 | 6 . 1 Attach 1 | . . 1 Detach 1 | . 1 . Swap 5 | 1 2 2 Drop 8 | . 5 3 Fire 41 | . 18 23 Melee . | . . . Ram 5 | 5 . . Kick 1 | . . 1 Crush . | . . . Escape Stasis . | . . . Rewire . | . . . Trap . | . . . Miscellaneous . | . . . Route ------- -11/Scrapyard -10/Materials (discovered 2 exits: *Mat x2) -9/Materials (discovered 1 exit: [*Mat]) History --------- Turn | Location | Event 10 | -11/Scrapyard | Discovered new exit (range 15) 194 | -11/Scrapyard | Entered Materials 262 | -10/Materials | Discovered new exit (range 14) 325 | -10/Materials | Build established: Mutant 353 | -10/Materials | Discovered new exit (range 10) 357 | -10/Materials | Entered another Materials area 357 | -9/Materials | Evolved 2 slots: Propulsion x1, Utility x1 536 | -9/Materials | Discovered new exit (range 15) 633 | -9/Materials | Self-destructed Last Messages --------------- 00519_ Acquired Aluminum Leg. 00519_ K-01 Serf collects debris. 00522_ Dropped Flight Unit. 00523_ Acquired 20 matter. 00523_ R-06 Scavenger collects Aluminum Leg. 00523_ K-01 Serf collects debris. 00526_ R-06 Scavenger collects Beam Rifle. 00527_ K-01 Serf collects debris. 00528_ Acquired 2 matter. 00531_ K-01 Serf collects debris. 00536_ EXIT=FOUND 00543_ K-01 Serf collects debris. 00546_ R-06 Scavenger collects Heat Sink. 00598_ Lgt. Ion Engine destroyed. 00600_ S-10 Pest destroyed. 00606_ Kicked K-01 Serf. 00613_ R-06 Scavenger collects Flight Unit. 00617_ R-06 Scavenger collects Lgt. Treads. 00620_ Lgt. Assault Rifle destroyed. 00632_ Aluminum Leg destroyed. Map ----- +----------------------------------------------------+ | ## #??###########????????????????????????? | | ## #### #????????????????????????? | | ## + + #????????????????????????? | | ## # ## """ #????????????????????????? | | ######### ## """""#????????????????????????? | | ## # ## """""#????????????????????????? | | ## # ## """""#????????????????????????? | | ## # ## """ #????????????????????????? | | ##### # ## #????????????????????????? | | # # ########+###????????????????????????? | | # # ###### #????????????????????????? | | # # ?????????????????????? | | """ # + ?????????????????????? | | """ # # ?????????????????????? | | """ # ## ##### #####????????????????????? | | ##### #? #???## ##????????????????????????? | | ????# #? #????# #?????????????????????????? | | ????# #?+#????# #?????????????????????????? | | ????######+#???????# #?????????????????????????? | | ########?# #???????# #?????????????????????????? | | # #?# #???????# #?????????????????????????? | | # """ #?# #???????# ########??????????????????? | | # """ #?# ######### # #??????????????????? | | # """ ### ## # # #??????????????????? | | # %/ + """% #a! # #??????????????????? | | # ! # ## """ %/s% s @ #??????????????????? | | ####/### ## """ # # #??????????????????? | | + ## !# # #????#?????????????? | | # ## [ # #####+##### ###???????????? | | # ######### #???????????? | | % +???????????? | | ##### = #???????????? | | #????# #######????????????? | | ?????# #??????????????????? | | ??????########## #??????????????????? | | ???????????????# #??????????????????? | | ???????????????# #??????????????????? | | ???????????????####### #??????????????????? | | ?????????????????????# #??????????????????? | | ?????????????????????# + ?????????????????? | | ?????????????????????# # ???????????????? | | ?????????????????????# < # ?????????????? | | ?????????????????????# #? ????????????? | | ?????????????????????# #####???###????????????? | | ?????????????????????# #??????????????????????? | | ?????????????????????# #??????????????????????? | | ?????????????????????# #??????????????????????? | | ?????????????????????# #??????????????????????? | | ?????????????????????# ??????????????????????? | | ?????????????????????#####T??????????????????????? | +----------------------------------------------------+ Best States ------------- Heat Dissipation 28 Energy Generation 10 Energy Capacity 250 Matter Stores 300 Matter Capacity 300 Sight Range 16 Terrain Scan Density 10 Evasion (%) 62 Item Schematics ----------------- None Robot Schematics ------------------ None Fabricated ------------ Nothing Alien Tech Used ----------------- None Achievements -------------- None Challenges ------------ None Game ------ Seed GunAuthchipWheel Manual? 0 Play Time 00:09:17 Cumulative 7.6 hours Start 2025.01.13 @ 20:24:17 End 2025.01.13 @ 20:30:50 Sessions 1 Manual Loads 0 Difficulty Rogue Special Mode None Game No. 10 Rogue 8 Adventurer 2 Explorer 0 Win Type - Total 0 Types 0/0/0/0/0/0/0/0/0 Lore% 5 Gallery% 15 Achievement% 12 Wizard Run 0 Options --------- Layout 1 ASCII 0 Keyboard 0 Movement Arrows Keybinds 0 Fullscreen 1 Font 32/SmallcapsGlow Map View 50x35 Zoom Use 0% Tactical HUD 1 Map Filters NONE Filters NONE Steam 1 RUN: 6c290f5d-6a3d-4e2e-8e4b-a1bdb60ab818